 Dungeon Crawl Stone Soup version 0.29.0-4-gdea44cf6ec (webtiles) character file.

Game seed: 6020902642202269175

164 qw the Chopper (level 5, -5/30 HPs)
             Began as a Tengu Warper on Aug 28, 2022.
             Succumbed to Jessica's poison
             ... on level 3 of the Dungeon.
             The game lasted 00:00:14 (2550 turns).

qw the Chopper (Tengu Warper)                       Turns: 2550, Time: 00:00:15

Health: -5/30      AC:  8    Str: 14    XL:     5   Next: 45%
Magic:  9/9        EV:  3    Int: 13    God:
Gold:   130        SH: 10    Dex: 13    Spells: 8/8 levels left

rFire   . . .      SeeInvis .   Y - +0 hand axe
rCold   . . .      Faith    .   d - +0 tower shield
rNeg    . . .      Spirit   .   g - +0 chain mail
rPois   .          Reflect  .   (helmet restricted)
rElec   .          Harm     .   (no cloak)
rCorr   .          Rampage  .   (no gloves)
Will    .....                   (boots unavailable)
Stlth   ..........              (no amulet)
HPRegen 0.10/turn               (no ring)
MPRegen 0.11/turn               (no ring)

@: lethally poisoned (-5 -> -23), flying quickly and evasively, slowed, very
slow
A: beak, talons 3, nimble flight
a: no special abilities


You were on level 3 of the Dungeon.
You visited 1 branch of the dungeon, and saw 3 of its levels.

You collected 130 gold pieces.


Innate Abilities, Weirdness & Mutations

You have a beak for a mouth.
You have claws for feet.
Your magical nature lets you fly swiftly and evasively.


   Skills:
 - Level 2.0 Fighting
 - Level 5.9 Axes
 - Level 1.0 Throwing
 - Level 1.1 Armour
 - Level 2.1 Dodging
 + Level 0.6 Shields
 - Level 2.0 Spellcasting
 - Level 2.4 Translocations


You had 8 spell levels left.
You didn't know any spells.
Your spell library contained the following spells:

 Spells                   Type           Power      Damage    Failure   Level
 Blink                    Tloc           14%        N/A       100%        2
 Gell's Gravitas          Tloc           7%         N/A       100%        3
 Lesser Beckoning         Tloc           7%         N/A       100%        3
 Teleport Other           Tloc           7%         N/A       100%        3
 Manifold Assault         Tloc           7%         N/A       100%        5

Inventory:

Hand Weapons
 f - a +0 whip
 Y - a +0 hand axe (weapon)
Missiles
 a - 2 boomerangs (quivered)
Armour
 d - a +0 tower shield (worn)
 g - a +0 chain mail (worn)
Scrolls
 b - a scroll of identify
Potions
 c - a potion of magic {unknown}
 h - a potion of mutation {unknown}

Dungeon Overview and Level Annotations

Branches:
Dungeon (3/15)

Altars:

Annotations:
D:3 Jessica


Message History

You block Jessica's attack.
You hit Jessica but do no damage. You block Jessica's attack.
Jessica looks very angry.
Jessica hits you but does no damage.
You are poisoned.
You barely miss Jessica.
You feel very sick.
Jessica mumbles some strange words.
Jessica seems to speed up.
You completely miss Jessica.
You feel sick. Jessica casts a spell at you.
You feel yourself slow down. Jessica hits you but does no damage.
You are more poisoned.
You hit Jessica but do no damage. Your kick misses Jessica.
You peck Jessica, but do no damage.
You feel very sick. Jessica hits you but does no damage.
You are more poisoned.
Jessica gestures wildly while chanting.
Jessica blinks!
You feel very sick.
Jessica gestures wildly while chanting.
Jessica blinks!
You feel very sick. You block Jessica's attack.
Jessica points at you and mumbles some strange words.
You resist with some effort.
You hit Jessica. You claw Jessica, but do no damage. Your peck misses Jessica.
Jessica is moderately wounded.
You feel very sick. You block Jessica's attack.
Jessica gestures at you while chanting. Pain shoots through your body!
Jessica hits you with a +2 dagger of venom.
You are more poisoned.
You hit Jessica but do no damage.
Jessica is lightly wounded.
You die...

#...... +...... . #..%.. ..
.. #..... ... ..
#....######...
#.#.............
###.....@.........
........@........#
..................
.......###..#####. .
......... #..## ..
.......... #...### .
..####......... ##....##..
...............####........
.......##....##..........#.
.......##....##..........#


You could see Jessica (fast).

Vanquished Creatures
  A phantom (D:2)
  2 adders (D:2)
  2 worms
  A dart slug (D:2)
  6 endoplasms
  5 giant cockroaches
  4 goblins
  3 hobgoblins
  10 jackals
  5 kobolds
  3 quokkas
  7 ball pythons
  4 bats
  2 frilled lizards (D:2)
  6 rats
61 creatures vanquished.

Notes
Turn   | Place    | Note
-------+----------+-------------------------------------------
     0 | D:1      | qw the Tengu Warper began the quest for the Orb.
     0 | D:1      | Reached XP level 1. HP: 12/12 MP: 4/4
     0 | D:1      | 0 ||| qw: Version: 0.1-a-89-g26bdef1
     0 | D:1      | 0 ||| qw: Game counter: 1990
     0 | D:1      | 0 ||| qw: Always use a shield: true
     0 | D:1      | 0 ||| qw: God list: Okawaru
     0 | D:1      | 0 ||| qw: Allow faded altars: false
     0 | D:1      | 0 ||| qw: Do Orc after D:15 true
     0 | D:1      | 0 ||| qw: Do second Lair branch before Depths: true
     0 | D:1      | 0 ||| qw: Lair rune preference: random
     0 | D:1      | 0 ||| qw: Plans: Normal
     0 | D:1      | 0 ||| PLANNING D:1-11
   162 | D:1      | Reached XP level 2. HP: 17/17 MP: 6/6
   167 | D:1      | Reached skill level 3 in Axes
   370 | D:1      | 370 ||| Stepping ~*~*~tactically~*~*~ (stealth).
   595 | D:1      | Reached XP level 3. HP: 21/21 MP: 7/7
  1076 | D:1      | 1076 ||| UPGRADING to +0 chain mail.
  1086 | D:1      | 1086 ||| DROPPING +0 leather armour.
  1087 | D:1      | 1087 ||| DROPPING ring of wizardry.
  1088 | D:1      | 1088 ||| READING scroll labelled WEVVI DYHO.
  1089 | D:1      | 1089 ||| READING scroll labelled NATUAJ TATARAM.
  1090 | D:1      | 1090 ||| DROPPING scroll of blinking.
  1120 | D:2      | Reached skill level 4 in Axes
  1358 | D:2      | Noticed a phantom
  1359 | D:2      | 1359 ||| Stepping ~*~*~tactically~*~*~ (stealth).
  1376 | D:2      | Killed a phantom
  1377 | D:2      | Reached skill level 5 in Axes
  1377 | D:2      | Reached XP level 4. HP: 13/26 MP: 8/8
  1557 | D:2      | Gained mutation: Your magical nature lets you fly swiftly
                  | and evasively. [Tengu growth]
  1557 | D:2      | Reached XP level 5. HP: 27/30 MP: 9/9
  1998 | D:2      | 1998 ||| Stepping ~*~*~tactically~*~*~ (stealth).
  2031 | D:2      | 2031 ||| Stepping ~*~*~tactically~*~*~ (stealth).
  2033 | D:2      | 2033 ||| Stepping ~*~*~tactically~*~*~ (stealth).
  2034 | D:2      | 2034 ||| Stepping ~*~*~tactically~*~*~ (stealth).
  2246 | D:2      | 2246 ||| UPGRADING to +0 tower shield.
  2251 | D:2      | 2251 ||| READING scroll labelled WEANKI GIAME.
  2352 | D:2      | 2352 ||| READING scroll labelled LIMMIOT MUATU.
  2353 | D:2      | 2353 ||| READING scroll labelled AFUICH POTO.
  2371 | D:3      | 2371 ||| STAIRDANCE
  2388 | D:3      | 2388 ||| Stepping ~*~*~tactically~*~*~ (stealth).
  2393 | D:3      | Noticed Jessica
  2394 | D:3      | 2394 ||| Stepping ~*~*~tactically~*~*~ (stealth).
  2549 | D:3      | HP: 5/30 [Jessica/nerve-wracking pain (5)]
  2549 | D:3      | HP: 2/30 [Jessica/+2 dagger of venom (3)]
  2550 | D:3      | Succumbed to Jessica's poison

Levels and vault maps discovered:
D:1:      dpeg_arrival_windows_large_door, layout_basic
D:2:      layout_basic
D:3:      layout_basic, uniq_jessica

Skill      XL: |  1  2  3 |
---------------+----------+-----
Axes           | 3 5 |  5.9
Fighting       | |  2.0
Throwing       | |  1.0
Armour         | |  1.1
Dodging        | |  2.1
Shields        | |  0.6
Spellcasting   | |  2.0
Translocations | |  2.4

Action                   |  1- 3 |  4- 6 || total
-------------------------+-------+-------++-------
Melee: Hand axe          |    76 |    84 ||   160
       Kick              |    10 |    20 ||    30
       Peck              |     8 |    11 ||    19
       Punch             |     1 |       ||     1
Throw: Boomerang         |    10 |    40 ||    50
  Use: Scroll            |     2 |     3 ||     5
 Stab: Distracted        |     1 |       ||     1
Armor: Leather armour    |    19 |       ||    19
       Chain mail        |     4 |    45 ||    49
Dodge: Dodged            |    43 |    21 ||    64
Block: Tower shield      |       |    12 ||    12

Table legend:
 A = Non-vault XP
 B = Vault XP
 C = Vault XP percentage of total XP
 D = Non-vault monster count
 E = Vault monster count
 F = Vault count percentage of total count
                 A         B        C        D         E       F
            +---------+---------+-------+---------+---------+-------
      Total |     235 |       0 |   0.0 |      61 |       0 |   0.0
            +---------+---------+-------+---------+---------+-------
        D:1 |      40 |       0 |   0.0 |      24 |       0 |   0.0
        D:2 |     182 |       0 |   0.0 |      31 |       0 |   0.0
        D:3 |      13 |       0 |   0.0 |       6 |       0 |   0.0
            +---------+---------+-------+---------+---------+-------
